 Dungeon Crawl Stone Soup version 0.16-a0-764-g7febf84 (webtiles) character file.

18 PolkaDot the Caller (level 2, 0/19 HPs)
             Began as a Vampire Summoner on Sept 23, 2014.
             Slain by a hobgoblin
             ... wielding a +0 club
              (5 damage)
             ... on Level 1 of the Dungeon.
             The game lasted 00:03:40 (645 turns).

PolkaDot the Caller (Vampire Summoner)               Turns: 645, Time: 00:03:40

HP   0/19        AC  3     Str  7      XL: 2   Next: 48%
MP   0/4         EV 12     Int 17      God:
Gold 12          SH  0     Dex 14      Spells:  2 memorised,  2 levels left

rFire  . . .     SeeInvis +     d - +0 dagger
rCold  . . .     Clarity  .     a - +0 robe
rNeg   + . .     rCorr    .     (no shield)
rPois  .         rRot     .     (no helmet)
rElec  .         Spirit   .     g - +0 cloak
SustAb .         Warding  .     (no gloves)
rMut   .         Stasis   .     (no boots)
Gourm  .                        (no amulet)
MR     .....                    (no ring)
                                (no ring)

@: not resistant to hostile enchantments, unstealthy
A: fangs 3, see invisible, unbreathing
a: no special abilities


You were on level 1 of the Dungeon.
You were not thirsty.

You visited 1 branch of the dungeon, and saw 1 of its levels.

You collected 12 gold pieces.

Inventory:

Hand weapons
 d - a +0 dagger (weapon)
Armour
 a - a +0 robe (worn)
 g - a +0 cloak (worn)
Scrolls
 h - a scroll of enchant armour {unknown}
 i - a scroll of blinking {unknown}
Potions
 c - a potion of blood {@*1}
 e - a potion of confusion {unknown}
 f - a potion of brilliance {unknown}
Books
 b - a book of Callings

   Spells                             Type                      Level
   *Summon Small Mammal               Summoning                    1
   *Call Imp                          Summoning                    2
   Call Canine Familiar               Summoning                    3
   Summon Guardian Golem              Hexes/Summoning              4
   Summon Lightning Spire             Summoning/Air                4
   Summon Ice Beast                   Ice/Summoning                4


   Skills:
 - Level 2.1 Dodging
 - Level 3.0 Stealth
 - Level 2.0 Spellcasting
 * Level 4.7 Summonings


You had 2 spell levels left.
You knew the following spells:

 Your Spells              Type           Power        Failure   Level  Hunger
a - Summon Small Mammal   Summ           ###.         2%          1    #......
s - Call Imp              Summ           ###.....     4%          2    ###....


Dungeon Overview and Level Annotations

Branches:
Dungeon (1/15)

Altars:


Innate Abilities, Weirdness & Mutations

You have razor-sharp teeth.
You have supernaturally acute eyesight.
You can survive without breathing.


Message History

The giant gecko barely misses you.
Your bat barely misses the hobgoblin.
The rat bites your bat. The giant gecko closely misses you.
Your bat hits the hobgoblin but does no damage.
You hit the giant gecko but do no damage.
The giant gecko is heavily wounded.
Your bat hits the hobgoblin but does no damage.
Your bat closely misses the hobgoblin.
Your crimson imp hits the giant gecko.
The giant gecko bites your crimson imp. The rat misses your bat.
Your bat hits the hobgoblin but does no damage.
You miss the giant gecko. You bite the giant gecko.
You kill the giant gecko!
Your bat hits the hobgoblin but does no damage.
The hobgoblin hits your crimson imp with a club.
Your bat misses the hobgoblin. Your bat hits the hobgoblin.
Your crimson imp blinks!
Casting: Call Imp
Confirm with . or Enter, or press ? or * to list all spells.
* * * LOW MAGIC WARNING * * *
Your bat misses the rat. The hobgoblin hits you with a club.
You die...

... ....# #.#.#
#. ###l# #...#
#.#.# #.
#.....#...#
#.#.# #.
#.....#...#
#.#.# ##
.....>.?...#
#.#.# # #. #b..#
#.#.# ..
#r#...#.#.#
.###)###g#
###.#.##
......5.@###
#....#
####.....r.#
#....# #.###.#.#
#....#
#.###.#.###.#+##
#.....#.....#
#############


You could see a hobgoblin, a rat, a friendly crimson imp, a friendly quokka and
a friendly bat.

Vanquished Creatures
  2 giant geckos (D:1)
  7 bats (D:1)
  A giant newt (D:1)
  A goblin (D:1)
  A kobold (D:1)
  2 rats (D:1)
14 creatures vanquished.

Vanquished Creatures (collateral kills)
  A hobgoblin (D:1)
1 creature vanquished.

Grand Total: 15 creatures vanquished

Notes
Turn   | Place    | Note
--------------------------------------------------------------
     0 | D:1      | PolkaDot, the Vampire Summoner, began the quest for the Orb.
     0 | D:1      | Reached XP level 1. HP: 13/13 MP: 3/3
   406 | D:1      | Reached XP level 2. HP: 16/19 MP: 4/4
   410 | D:1      | Learned a level 2 spell: Call Imp
   645 | D:1      | Slain by a hobgoblin

Action                   || total
-------------------------++-------
Melee: Dagger            ||    75
       Unarmed           ||    11
 Cast: Summon Small Mamm ||     5
       Call Imp          ||     1
 Stab: Sleeping          ||     1
  Eat: Corpse            ||     2
